[Event "Titled Tuesday Blitz February 22 Late 2022"]
[White "Tang, Andrew"]
[Black "Wieczorek, Oskar"]
[WhiteFideId "2059630"]
[BlackFideId "1133950"]
[WhiteElo "2584"]
[BlackElo "2319"]
[Result "1-0"]
[Round "02"]
[TimeControl "180+1"]
[Date "2022.02.22"]
[WhiteClock "0:00:04"]
[BlackClock "0:00:07"]

1. d4 d5 2. Bf4 Nf6 3. e3 c5 4. Nc3 a6 5. dxc5 e6 6. Na4 Nbd7 7. b4 Ne4 8. f3 g5 9. Qd4 Rg8 10. fxe4 gxf4 11. exf4 Bg7 12. e5 Qh4+ 13. g3 Bxe5 14. Qxe5 Rxg3 15. hxg3 Qxg3+ 16. Kd2 Nxe5 17. fxe5 Qf4+ 18. Kc3 Qxe5+ 19. Kb3 Qxa1 20. Nf3 Qg7 21. Nb6 Rb8 22. Bd3 Bd7 23. Rxh7 Qf6 24. Ng5 Qxg5 25. Rh8+ Ke7 26. Rxb8 Bc6 27. a4 d4 28. b5 axb5 29. axb5 Bxb5 30. Bxb5 Qxc5 31. Rxb7+ Kd8 32. Rd7+ Ke8 33. Rd5+ Qxb5+ 34. Rxb5 1-0


[Site "https://www.chess.com"]

[Event "Titled Tuesday Blitz February 22 Late 2022"]
[White "Tari, Aryan"]
[Black "Rasulov, Vugar"]
[WhiteFideId "1510045"]
[BlackFideId "13402390"]
[WhiteElo "2567"]
[BlackElo "2560"]
[Result "0-1"]
[Round "02"]
[TimeControl "180+1"]
[Date "2022.02.22"]
[WhiteClock "0:00:02"]
[BlackClock "0:00:29"]

1. e4 c5 2. Nc3 d6 3. f4 g6 4. Nf3 Bg7 5. Bb5+ Nc6 6. Bxc6+ bxc6 7. d3 Nf6 8. O-O O-O 9. Qe1 Bg4 10. f5 gxf5 11. Qh4 fxe4 12. dxe4 Bxf3 13. Rxf3 Kh8 14. Bg5 Ng8 15. Raf1 Qb6 16. e5 d5 17. b3 Qb4 18. Qh5 Qd4+ 19. Kh1 Qxe5 20. Rh3 h6 21. Ne2 Rad8 22. Qh4 Rd6 23. Ng3 Rg6 24. Nf5 e6 25. Re3 Qb2 26. Nxg7 Qxg7 27. Bf4 Kh7 28. Bg3 f5 29. Be5 Nf6 30. Re2 Qf7 31. Qa4 Ng4 32. Qxc6 Rfg8 33. Rfe1 f4 34. Rf1 f3 35. Rxf3 Qe7 36. Rg3 Rf8 37. Kg1 Nxe5 38. Rxe5 Qf6 0-1


[Site "https://www.chess.com"]

[Event "Titled Tuesday Blitz February 22 Late 2022"]
[White "Thomas, Anysia"]
[Black "Mahajan, Rushaan"]
[WhiteFideId "670472"]
[BlackFideId "30934222"]
[WhiteElo "2002"]
[BlackElo "1897"]
[Result "0-1"]
[Round "02"]
[TimeControl "180+1"]
[Date "2022.02.23"]
[WhiteClock "0:00:05"]
[BlackClock "0:00:13"]

1. d4 Nf6 2. c4 e6 3. Nf3 d5 4. g3 Bb4+ 5. Bd2 Bd6 6. Bg2 O-O 7. O-O Nbd7 8. Qc2 c6 9. b3 Ne4 10. Nc3 f5 11. Bc1 Qe7 12. Bb2 g5 13. Nd2 g4 14. f3 Nxd2 15. Qxd2 h5 16. e4 gxf3 17. Bxf3 fxe4 18. Bxh5 Nf6 19. Qg5+ Qg7 20. Bg6 Nh7 21. Bxh7+ Kxh7 22. Qh5+ Kg8 23. Rxf8+ Bxf8 24. Ne2 Bd7 25. Nf4 Bd6 26. Rf1 Rf8 27. Qh4 e3 28. Nh5 Rxf1+ 29. Kxf1 Qf7+ 30. Nf6+ Kg7 31. Qg5+ Kf8 32. Ke2 Bc8 33. Kxe3 Be7 34. Qh6+ Qg7 35. Qxg7+ Kxg7 36. Ng4 Bg5+ 37. Ke2 b6 38. Ne5 Bb7 39. Bc3 Bf6 40. cxd5 exd5 41. Ng4 Be7 42. Bd2 c5 43. Be3 c4 44. Ne5 b5 45. h4 Bf6 46. Ng4 Be7 47. h5 Bd6 48. h6+ Kg6 49. Nf2 Bxg3 50. Nh1 Bd6 51. Nf2 Bf8 52. Nh3 Bxh6 53. Bf2 Bc8 54. Ng1 Bg4+ 55. Ke1 Kf5 56. Ne2 Bxe2 57. Kxe2 Ke4 58. Bg1 Bg7 59. Kd1 Bxd4 60. Bh2 Be5 61. Kc2 Bxh2 62. bxc4 bxc4 63. Kc3 Be5+ 64. Kb4 d4 0-1


[Site "https://www.chess.com"]

[Event "Titled Tuesday Blitz February 22 Late 2022"]
[White "Todorovic, Bojan"]
[Black "Sztokbant, Bernardo Vainzoff"]
[WhiteFideId "917087"]
[BlackFideId "2115956"]
[WhiteElo "2266"]
[BlackElo "2264"]
[Result "1-0"]
[Round "02"]
[TimeControl "180+1"]
[Date "2022.02.23"]
[WhiteClock "0:01:40"]
[BlackClock "0:01:40"]

1. Nf3 d5 2. c4 c6 3. b3 Nf6 4. Bb2 g6 5. g3 Bg7 6. Bg2 O-O 7. O-O Nbd7 8. d3 b6 9. Nbd2 Bb7 10. e4 Nc5 11. e5 Nxd3 12. exf6 Nxb2 13. fxg7 Nxd1 14. gxf8=Q+ Qxf8 15. Raxd1 Qg7 16. Rfe1 e6 17. Ne5 Rd8 18. Ndf3 c5 19. Ng5 Rf8 20. cxd5 exd5 21. Bxd5 Bxd5 22. Rxd5 f6 23. Ne6 Qb7 24. Rd7 Qa6 25. Rg7+ Kh8 26. Nf7+ Rxf7 27. Rxf7 h5 28. Rd1 1-0


[Site "https://www.chess.com"]

[Event "Titled Tuesday Blitz February 22 Late 2022"]
[White "Tomiello, Mateus Costamilan"]
[Black "Calcada, Lucas Galvan"]
[WhiteFideId "22701958"]
[BlackFideId "22746099"]
[WhiteElo "1975"]
[BlackElo "1402"]
[Result "1-0"]
[Round "02"]
[TimeControl "180+1"]
[Date "2022.02.23"]
[WhiteClock "0:02:05"]
[BlackClock "0:01:17"]

1. d4 Nf6 2. c4 g6 3. Nf3 Bg7 4. g3 O-O 5. Bg2 d6 6. O-O Nbd7 7. Nc3 Re8 8. e4 e5 9. Re1 c6 10. d5 cxd5 11. cxd5 a5 12. Nb5 Nc5 13. Nd2 Nd3 14. Re3 Nxc1 15. Rxc1 Ng4 16. Re2 Re7 17. Nc4 Ra6 18. Nbxd6 f5 19. Nxc8 Qxc8 20. d6 Rd7 21. Nb6 Qd8 22. Nxd7 Qxd7 23. Rd2 Bh6 24. Rc7 Qb5 25. d7 1-0


[Site "https://www.chess.com"]

[Event "Titled Tuesday Blitz February 22 Late 2022"]
[White "Toncheva, Nadya"]
[Black "Wu, Christopher"]
[WhiteFideId "2924056"]
[BlackFideId "2040875"]
[WhiteElo "1920"]
[BlackElo "2645"]
[Result "1-0"]
[Round "02"]
[TimeControl "180+1"]
[Date "2022.02.23"]
[WhiteClock "0:00:04"]
[BlackClock "0:00:03"]

1. e4 c5 2. Nf3 e6 3. d4 cxd4 4. Nxd4 Nc6 5. Nc3 Qc7 6. f4 a6 7. Nxc6 bxc6 8. Bd3 d5 9. O-O Nf6 10. Qf3 Be7 11. Be3 O-O 12. Rae1 Rb8 13. b3 Qa5 14. Na4 c5 15. e5 Nd7 16. c4 Bb7 17. Qg3 dxc4 18. Bxc4 Be4 19. Bd2 Qxd2 20. Rxe4 Kh8 21. f5 exf5 22. Rxf5 f6 23. Rh4 Nxe5 24. Rxh7+ Kxh7 25. Qh4+ Qh6 26. Rh5 Rbd8 27. Rxh6+ gxh6 28. Nc3 Rd4 29. Qf2 Rfd8 30. Qf5+ Kg7 31. h3 Rd2 32. Ne4 Rd1+ 33. Kh2 R8d4 34. Qe6 Rd8 35. Qxe7+ Kg6 36. Qxf6+ Kh7 37. Qxe5 Rf8 38. Qe7+ Kg6 39. Qxf8 Rd4 40. Qf7# 1-0


[Site "https://www.chess.com"]

[Event "Titled Tuesday Blitz February 22 Late 2022"]
[White "Urazayev, Arystanbek"]
[Black "Petrovic, Aleksa"]
[WhiteFideId "13709810"]
[BlackFideId "967629"]
[WhiteElo "2321"]
[BlackElo "2139"]
[Result "0-1"]
[Round "02"]
[TimeControl "180+1"]
[Date "2022.02.23"]
[WhiteClock "0:00:19"]
[BlackClock "0:00:05"]

1. e4 e5 2. Nf3 Nc6 3. Bb5 a6 4. Ba4 Nf6 5. d3 d6 6. c4 g6 7. Nc3 Bg7 8. Nd5 Nd7 9. Bg5 f6 10. Be3 Ne7 11. h4 c6 12. Nxe7 Qxe7 13. h5 Nc5 14. Bc2 Bg4 15. h6 Bf8 16. b4 Ne6 17. a3 f5 18. Qb1 f4 19. Nh2 Bh5 20. Bb6 Qg5 21. Kf1 Qxh6 22. b5 axb5 23. cxb5 c5 24. a4 Nd4 25. a5 Be7 26. Bb3 Be2+ 27. Kg1 Qg5 28. Bd5 h5 29. Qb2 h4 30. Qd2 h3 31. g3 Qh6 32. a6 Rf8 33. g4 Qh4 34. Qe1 Qxg4+ 35. Nxg4 Nf3# 0-1


[Site "https://www.chess.com"]

[Event "Titled Tuesday Blitz February 22 Late 2022"]
[White "Urbina Perez, Juan Antonio"]
[Black "Sorokin, Aleksey"]
[WhiteFideId "2217368"]
[BlackFideId "24176460"]
[WhiteElo "2192"]
[BlackElo "2476"]
[Result "0-1"]
[Round "02"]
[TimeControl "180+1"]
[Date "2022.02.23"]
[WhiteClock "0:00:06"]
[BlackClock "0:00:54"]

1. Nf3 Nf6 2. d4 g6 3. g3 Bg7 4. Bg2 O-O 5. O-O d5 6. c3 c5 7. Bf4 b6 8. Re1 Bb7 9. Ne5 Nfd7 10. Nxd7 Qxd7 11. h4 Rc8 12. Na3 cxd4 13. cxd4 Nc6 14. Be3 Nb4 15. Qd2 a5 16. Rec1 Rxc1+ 17. Qxc1 Rc8 18. Qd2 Qf5 19. Rc1 Nxa2 20. Rxc8+ Qxc8 21. Nb5 Qc4 22. Na3 Qb3 23. Qc2 Qxc2 24. Nxc2 b5 25. Bd2 b4 26. e3 e5 27. Bf1 Bc6 28. Be2 Ba4 29. Bd1 exd4 30. exd4 Bb3 31. Be3 a4 32. Kf1 a3 33. bxa3 bxa3 34. Bd2 Bf8 35. Ke1 Bc4 36. Na1 Nb4 37. Be2 a2 38. Bc3 Nd3+ 39. Bxd3 Bxd3 40. Kd2 Bc4 41. Kc1 Ba3+ 42. Bb2 Bd6 43. Bc3 f5 44. Kb2 f4 45. g4 f3 46. Nb3 Bg3 47. fxg3 Bxb3 48. Be1 Bc4 49. Bf2 Kf7 50. Be3 h5 51. gxh5 gxh5 52. Bf2 Kg6 53. Be3 Kf5 54. Bf2 Kg4 55. Ka1 Kh3 0-1


[Site "https://www.chess.com"]

[Event "Titled Tuesday Blitz February 22 Late 2022"]
[White "Van den Dikkenberg, Erik"]
[Black "Mirzoev, Azer"]
[WhiteFideId "1005880"]
[BlackFideId "13400304"]
[WhiteElo "2118"]
[BlackElo "2525"]
[Result "1-0"]
[Round "02"]
[TimeControl "180+1"]
[Date "2022.02.23"]
[WhiteClock "0:00:06"]
[BlackClock "0:00:04"]

1. e4 c6 2. d4 d5 3. exd5 cxd5 4. Bd3 Nf6 5. c3 Nc6 6. Bf4 Bg4 7. Qb3 Qc8 8. Nd2 e6 9. Ngf3 Bh5 10. O-O Bg6 11. Bb5 a6 12. Bxc6+ bxc6 13. Ne5 Nd7 14. Ndf3 Nxe5 15. Nxe5 f6 16. Nxg6 hxg6 17. Rfe1 Kf7 18. Re3 Ra7 19. Rae1 g5 20. Bg3 Re7 21. c4 Qd7 22. c5 Qc8 23. Qa4 f5 24. Bd6 Re8 25. Qc2 Bxd6 26. cxd6 Qd7 27. Rxe6 Qxe6 28. Rxe6 Kxe6 29. g3 Kxd6 30. Qxf5 Re7 31. Qxg5 Rhe8 32. Qf4+ Kd7 33. Qf5+ Kc7 34. h4 a5 35. Qf4+ Kb6 36. Qd6 Re6 37. Qc5+ Ka6 38. b4 axb4 39. Qxb4 R8e7 40. a4 Rb7 41. Qc5 Rf6 42. Kg2 Rbf7 43. f4 Re6 44. Qb4 Rb7 45. Qc5 Rb2+ 46. Kh3 Rb3 47. a5 Ree3 48. Qxc6+ Kxa5 49. Kg4 Rxg3+ 50. Kf5 Rbd3 51. Qxd5+ Kb4 52. Qc5+ Kb3 53. d5 Rg2 54. Qb5+ Kc3 55. Qc5+ Kb3 56. d6 Rgd2 57. Qb5+ Kc3 58. Qa5+ Kc4 59. Kg6 Rxd6+ 60. Kxg7 Rd7+ 61. Kf8 Rd8+ 62. Ke7 R8d7+ 63. Ke6 R7d6+ 64. Ke7 Rd7+ 65. Ke8 R7d5 66. Qa6+ Kc5 67. Qc8+ Kb6 68. f5 Re5+ 69. Kf8 Rdd5 70. f6 Rf5 71. f7 Rc5 72. Qd8+ Kb7 73. Qe7+ Rc7 74. Qxc7+ Kxc7 75. Kg7 Kd7 76. f8=Q Rxf8 77. Kxf8 Ke6 78. Kg7 Ke7 79. h5 Ke6 80. h6 Kf5 81. h7 Kg5 82. h8=Q 1-0


[Site "https://www.chess.com"]

[Event "Titled Tuesday Blitz February 22 Late 2022"]
[White "Vargas Pereda, Jesus Manue"]
[Black "Chernomordik, Pavel"]
[WhiteFideId "5115710"]
[BlackFideId "2804530"]
[WhiteElo "1747"]
[BlackElo "2249"]
[Result "0-1"]
[Round "02"]
[TimeControl "180+1"]
[Date "2022.02.23"]
[WhiteClock "0:00:13"]
[BlackClock "0:02:10"]

1. d4 g6 2. e4 Bg7 3. Nc3 d6 4. Be3 a6 5. Qd2 b5 6. f3 Bb7 7. h4 h6 8. g4 Nd7 9. Bd3 c5 10. Nh3 cxd4 11. Bxd4 Bxd4 12. Nf4 Ngf6 13. O-O-O Qb6 14. Kb1 Be3 15. Qh2 Ne5 16. Rhf1 O-O-O 17. Ng2 Bd4 18. f4 Nexg4 19. Qh3 Bxc3 20. bxc3 Kb8 21. e5 dxe5 22. fxe5 Nxe5 23. Qg3 Qc7 24. Qe3 Bxg2 0-1


[Site "https://www.chess.com"]

[Event "Titled Tuesday Blitz February 22 Late 2022"]
[White "Vidit, Santosh Gujrathi"]
[Black "Garriga Cazorla, Pere"]
[WhiteFideId "5029465"]
[BlackFideId "32011601"]
[WhiteElo "2654"]
[BlackElo "2458"]
[Result "1-0"]
[Round "02"]
[TimeControl "180+1"]
[Date "2022.02.22"]
[WhiteClock "0:00:38"]
[BlackClock "0:00:39"]

1. d4 Nf6 2. c4 e6 3. Nf3 d5 4. Nc3 dxc4 5. e4 b5 6. e5 Nd5 7. Nxb5 Nb6 8. Be2 Nc6 9. Be3 Be7 10. a3 O-O 11. Qc2 Rb8 12. Nc3 Na5 13. Rd1 Bb7 14. h4 Qc8 15. Ng5 g6 16. h5 c5 17. Nxh7 cxd4 18. Rxd4 Nb3 19. Rg4 Nd5 20. hxg6 f5 21. exf6 Nxe3 22. fxe3 Qc5 23. Nxf8 Qxe3 24. f7+ Kg7 25. Rh7+ Kf6 26. Nd7# 1-0


[Site "https://www.chess.com"]

[Event "Titled Tuesday Blitz February 22 Late 2022"]
[White "Vlassov, Nikolai"]
[Black "Federzoni, Enzo"]
[WhiteFideId "4103360"]
[BlackFideId "2173301"]
[WhiteElo "2407"]
[BlackElo "1956"]
[Result "1-0"]
[Round "02"]
[TimeControl "180+1"]
[Date "2022.02.23"]
[WhiteClock "0:00:52"]
[BlackClock "0:01:26"]

1. e4 c5 2. c3 d6 3. d4 Qc7 4. f4 e6 5. Nf3 Nf6 6. Bd3 Be7 7. Be3 b6 8. Nbd2 Bb7 9. Qe2 Nbd7 10. O-O Ng4 11. e5 Nxe3 12. Qxe3 O-O-O 13. a4 a6 14. Qe2 Nb8 15. b4 h6 16. a5 b5 17. exd6 Bxd6 18. bxc5 Bxf4 19. c4 b4 20. Ne4 f5 21. Nd6+ Bxd6 22. Qxe6+ Qd7 23. Qxd7+ Rxd7 24. cxd6 Rxd6 25. Bxf5+ Kc7 26. d5 Nd7 27. Bxd7 Rxd7 28. Rab1 Kd6 29. Rxb4 Kc5 30. Rfb1 Ba8 31. Ne5 Re7 32. Ng6 Rhe8 33. Nxe7 Rxe7 34. Rb8 Ra7 35. Rc8+ Kd6 36. Rb6+ Ke5 37. Rbb8 1-0


[Site "https://www.chess.com"]

[Event "Titled Tuesday Blitz February 22 Late 2022"]
[White "Vusatiuk, Vladimir"]
[Black "Khanin, Semen"]
[WhiteFideId "14118610"]
[BlackFideId "4111990"]
[WhiteElo "2493"]
[BlackElo "2803"]
[Result "1-0"]
[Round "02"]
[TimeControl "180+1"]
[Date "2022.02.23"]
[WhiteClock "0:00:06"]
[BlackClock "0:00:13"]

1. d4 Nf6 2. c4 g6 3. h4 Bg7 4. Nc3 d6 5. e4 e5 6. dxe5 dxe5 7. Qxd8+ Kxd8 8. Be2 h6 9. Be3 c6 10. O-O-O+ Kc7 11. Bc5 Bf8 12. Be3 Ng4 13. Bxg4 Bxg4 14. f3 Be6 15. b3 Nd7 16. h5 g5 17. g4 a5 18. Nge2 Bb4 19. Kb2 Rhd8 20. Rc1 Bc5 21. Bxc5 Nxc5 22. Kc2 a4 23. Rhd1 axb3+ 24. axb3 Rxd1 25. Rxd1 b5 26. b4 Na6 27. cxb5 Nxb4+ 28. Kb2 c5 29. Nc1 Bc4 30. Nb3 Nd3+ 31. Kc2 Rd8 32. Na5 Nb4+ 33. Kc1 Rxd1+ 34. Kxd1 Be6 35. Na4 Kd6 36. Nb7+ Kc7 37. Nbxc5 Bc4 38. b6+ Kc6 39. b7 Kc7 40. Nb6 Nc6 41. Nxc4 Nd4 42. Nxe5 f6 43. Ned7 Nc6 44. b8=Q+ 1-0


[Site "https://www.chess.com"]

[Event "Titled Tuesday Blitz February 22 Late 2022"]
[White "Wachinger, Guenther"]
[Black "Paravyan, David"]
[WhiteFideId "4604261"]
[BlackFideId "4194985"]
[WhiteElo "2212"]
[BlackElo "2569"]
[Result "0-1"]
[Round "02"]
[TimeControl "180+1"]
[Date "2022.02.23"]
[WhiteClock "0:00:03"]
[BlackClock "0:00:08"]

1. e4 e5 2. Nf3 Nf6 3. Nc3 Nc6 4. a3 d5 5. Bb5 Nxe4 6. Qe2 Bd6 7. Nxd5 Nf6 8. Nxf6+ Qxf6 9. d4 Bd7 10. Bxc6 Bxc6 11. dxe5 Bxf3 12. exf6+ Bxe2 13. fxg7 Rg8 14. Kxe2 Rxg7 15. g3 O-O-O 16. f4 Re8+ 17. Kf3 Rg6 18. Bd2 Kd7 19. Rae1 Rxe1 20. Rxe1 h5 21. Bc3 b5 22. Be5 Bf8 23. Rd1+ Kc8 24. Bc3 a6 25. Rd5 Rc6 26. Rxh5 Bxa3 27. h4 Bd6 28. Rh8+ Kb7 29. h5 b4 30. Bd4 Rxc2 31. h6 Rh2 32. h7 a5 33. Bf6 Bc5 34. Ke4 Rh6 35. Bg5 Rh5 36. g4 Rh3 37. Bf6 a4 38. g5 a3 39. bxa3 bxa3 40. f5 a2 41. g6 Rh4+ 42. Kd5 Bd4 0-1


[Site "https://www.chess.com"]

[Event "Titled Tuesday Blitz February 22 Late 2022"]
[White "Weetik, Vjacheslav"]
[Black "Fedoseev, Vladimir"]
[WhiteFideId "4153472"]
[BlackFideId "24130737"]
[WhiteElo "2469"]
[BlackElo "2726"]
[Result "0-1"]
[Round "02"]
[TimeControl "180+1"]
[Date "2022.02.22"]
[WhiteClock "0:00:04"]
[BlackClock "0:00:11"]

1. d4 d5 2. Bf4 Nc6 3. Nf3 Bg4 4. Nbd2 f6 5. c4 dxc4 6. Qa4 e5 7. dxe5 Bb4 8. O-O-O Qe7 9. Nxc4 Qe6 10. e3 Ne7 11. Be2 O-O 12. exf6 Rxf6 13. Qc2 Bf5 14. Bd3 Bxd3 15. Rxd3 b5 16. Nce5 Qxa2 17. Qb3+ Qxb3 18. Rxb3 a5 19. Rd1 Nxe5 20. Bxe5 Rg6 21. Rd7 Re8 22. Rbd3 Rxg2 23. Bg3 Nf5 24. Rxc7 Nxg3 25. fxg3 Rf2 26. Nd4 Rxe3 27. Kb1 Rxd3 0-1


[Site "https://www.chess.com"]

[Event "Titled Tuesday Blitz February 22 Late 2022"]
[White "Willathgamuwa, Kevin"]
[Black "Noboa Silva, Kevin"]
[WhiteFideId "3214168"]
[BlackFideId "3618471"]
[WhiteElo "1943"]
[BlackElo "2161"]
[Result "1-0"]
[Round "02"]
[TimeControl "180+1"]
[Date "2022.02.23"]
[WhiteClock "0:00:22"]
[BlackClock "0:00:50"]

1. e4 e6 2. Nc3 d5 3. Nf3 d4 4. Ne2 c5 5. c3 Nc6 6. cxd4 cxd4 7. d3 e5 8. g3 Bd7 9. Bg2 Nf6 10. O-O Be7 11. a3 O-O 12. b4 Bd6 13. Bb2 a6 14. Nd2 b5 15. f4 Bg4 16. Bf3 Bxf3 17. Nxf3 Re8 18. Rc1 Rc8 19. Qb3 Ng4 20. fxe5 Ncxe5 21. Nxe5 Nxe5 22. Rxc8 Qxc8 23. Bxd4 Qd7 24. Qd5 Qe7 25. Nf4 Rd8 26. Qb3 h6 27. Nd5 Qg5 28. Qc2 Bb8 29. Qf2 f6 30. Bxe5 Bxe5 31. d4 Bb8 32. Qf5 Qd2 33. Ne7+ Kf7 34. Nc6 Rf8 35. Qd5+ Kg6 36. Qf5+ Kf7 37. Qd5+ Kg6 38. Ne7+ Kh7 39. Qf5+ Kh8 40. Ng6+ Kg8 41. Qe6+ Rf7 42. Qe8+ Kh7 43. Qxf7 Qxd4+ 44. Kg2 Qxe4+ 45. Kh3 Qxg6 46. Qxg6+ Kxg6 47. Rc1 Be5 48. Rc6 Bb2 49. Rxa6 Kf5 50. Ra5 Kg6 51. Rxb5 Bxa3 52. Rb7 h5 53. b5 Kf5 54. Rxg7 Bc5 55. Rh7 Kg6 56. Rd7 Kf5 57. Rd5+ Ke4 58. Rxc5 Kd4 59. Rxh5 Ke4 60. Rh6 Kf3 61. Rxf6+ Ke2 62. b6 Ke1 63. b7 Ke2 64. b8=Q Kd2 65. Qe5 Kd3 66. Rd6+ Kc4 67. Qe7 Kb3 68. Qc7 Ka4 69. Rb6 Ka5 70. Qa7# 1-0


[Site "https://www.chess.com"]

[Event "Titled Tuesday Blitz February 22 Late 2022"]
[White "Xiong, Jeffery"]
[Black "Klukin, Kirill"]
[WhiteFideId "2047640"]
[BlackFideId "24199273"]
[WhiteElo "2727"]
[BlackElo "2324"]
[Result "1/2-1/2"]
[Round "02"]
[TimeControl "180+1"]
[Date "2022.02.22"]
[WhiteClock "0:00:24"]
[BlackClock "0:00:09"]

1. Nf3 c5 2. b3 Nc6 3. Bb2 d5 4. e3 Nf6 5. Bb5 Bd7 6. O-O e6 7. Bxc6 Bxc6 8. Ne5 Qc7 9. d3 Bd6 10. f4 O-O 11. Nd2 Be8 12. Rf3 Nd7 13. Nxd7 Qxd7 14. Bf6 Be7 15. Bb2 Bd6 16. Bf6 Be7 17. Bxe7 Qxe7 18. Rg3 f6 19. Qg4 Bc6 20. Re1 Rad8 21. e4 dxe4 22. Nxe4 Bxe4 23. Rxe4 Rd6 24. Qh5 b6 25. f5 Qf7 26. Qxf7+ Rxf7 27. Rxe6 Rxe6 28. fxe6 Rc7 29. c3 Rc6 30. Re3 Kf8 31. Kf2 Ke7 32. Rg3 g6 33. Rh3 h5 34. Rg3 g5 35. Rh3 h4 36. g3 hxg3+ 37. hxg3 Kxe6 38. Rh7 a5 39. g4 Ke5 40. Ke3 f5 41. d4+ cxd4+ 42. cxd4+ Kd5 43. gxf5 Rc3+ 44. Kd2 Rf3 45. Rd7+ Kc6 46. Rf7 g4 47. Ke2 Kd5 48. Rg7 Rxf5 49. Rxg4 Rh5 50. Kd3 Rh3+ 51. Kc2 Rh2+ 52. Kb1 Rd2 53. Rg6 b5 54. Rg5+ Kc6 55. Rg6+ Kd5 56. Rb6 b4 57. Rb5+ Kxd4 58. Rxa5 Rh2 59. Ra8 Kc5 60. Ra5+ Kb6 61. Rd5 Re2 62. Rd4 Kb5 63. Rc4 Ka5 64. Rc2 Re1+ 65. Kb2 Re3 66. Rd2 Kb5 67. Kc2 Rh3 68. Rd3 Rh2+ 69. Rd2 Rh3 70. Rg2 Rf3 71. Kd2 Rh3 72. Re2 Rg3 73. Re5+ Kb6 74. Re3 Rg2+ 75. Re2 Rg3 76. Ke1 Rh3 77. Kf2 Kb5 78. Kg2 Rc3 79. Rd2 Kb6 80. Kf2 Kb5 81. Ke2 Rh3 82. Rd5+ Kb6 83. Rf5 Rh2+ 84. Rf2 Rh3 85. Rf3 Rh2+ 86. Kd3 Rxa2 87. Kc4 Rg2 88. Rf6+ Kb7 89. Kxb4 Rg5 90. Kc4 Rh5 91. Rd6 Rf5 92. Rd5 Rxd5 93. Kxd5 Kb6 94. b4 Kb5 95. Ke4 Kxb4 1/2-1/2


[Site "https://www.chess.com"]

[Event "Titled Tuesday Blitz February 22 Late 2022"]
[White "Zakhartsov, Vladimir"]
[Black "Guz, Ari"]
[WhiteFideId "4145097"]
[BlackFideId "2825759"]
[WhiteElo "2826"]
[BlackElo "2557"]
[Result "1-0"]
[Round "02"]
[TimeControl "180+1"]
[Date "2022.02.23"]
[WhiteClock "0:00:51"]
[BlackClock "0:00:50"]

1. e4 c5 2. Nf3 e6 3. g3 g6 4. d4 cxd4 5. Qxd4 Qf6 6. Qxf6 Nxf6 7. e5 Nd5 8. a3 b6 9. c4 Ne7 10. Nc3 a6 11. Ne4 Bg7 12. Nd6+ Kf8 13. Ng5 Nbc6 14. Ngxf7 Bxe5 15. Bh6+ Kg8 16. O-O-O Bxd6 17. Nxd6 Nf5 18. Be3 Nxd6 19. Rxd6 Kf7 20. Bxb6 Ke8 21. Bg2 Bb7 22. Rhd1 Rc8 23. Rxd7 Ba8 24. c5 Rf8 25. f4 e5 26. Rxh7 exf4 27. Re1+ 1-0


[Site "https://www.chess.com"]

[Event "Titled Tuesday Blitz February 22 Late 2022"]
[White "Zapata Arbelaez, Estiven"]
[Black "Cardoso Cardoso, Jose Gabriel"]
[WhiteFideId "4406311"]
[BlackFideId "4430492"]
[WhiteElo "2067"]
[BlackElo "2451"]
[Result "0-1"]
[Round "02"]
[TimeControl "180+1"]
[Date "2022.02.23"]
[WhiteClock "0:00:59"]
[BlackClock "0:02:13"]

1. d4 Nf6 2. Nf3 g6 3. c4 Bg7 4. Nc3 c5 5. e3 O-O 6. Be2 cxd4 7. exd4 d5 8. O-O Nc6 9. h3 dxc4 10. Bxc4 Na5 11. Bb5 a6 12. Ba4 Bd7 13. Bf4 Rc8 14. Bb3 Nxb3 15. Qxb3 Bc6 16. Ne2 Qd5 17. Rac1 Qxb3 18. axb3 Bxf3 19. gxf3 Nd5 20. Be5 Bh6 21. f4 f6 0-1


[Site "https://www.chess.com"]

[Event "Titled Tuesday Blitz February 22 Late 2022"]
[White "Zong, Davis"]
[Black "Golubovskis, Maksims"]
[WhiteFideId "30903955"]
[BlackFideId "11608528"]
[WhiteElo "2061"]
[BlackElo "2066"]
[Result "1-0"]
[Round "02"]
[TimeControl "180+1"]
[Date "2022.02.23"]
[WhiteClock "0:00:26"]
[BlackClock "0:00:31"]

1. d4 Nf6 2. c4 c5 3. d5 b5 4. cxb5 a6 5. bxa6 g6 6. Nc3 Bg7 7. e4 O-O 8. Nf3 Qa5 9. Bd3 Nxd5 10. exd5 Bxc3+ 11. bxc3 Qxc3+ 12. Qd2 Qxa1 13. O-O Bxa6 14. Bb2 Qxa2 15. Qc3 f6 16. Ra1 Qxd5 17. Rxa6 Nxa6 18. Bc4 e6 19. Bxd5 exd5 20. g3 d6 21. Qb3 Nb4 22. Bc3 Rfb8 23. Bxf6 c4 24. Qe3 Ra1+ 25. Bxa1 1-0


[Site "https://www.chess.com"]

[Event "Titled Tuesday Blitz February 22 Late 2022"]
[White "Abdrlauf, Elham"]
[Black "Erdogdu, Mert"]
[WhiteFideId "1533533"]
[BlackFideId "6301495"]
[WhiteElo "2334"]
[BlackElo "2485"]
[Result "0-1"]
[Round "03"]
[TimeControl "180+1"]
[Date "2022.02.22"]
[WhiteClock "0:00:04"]
[BlackClock "0:00:11"]

1. e4 c5 2. Nf3 d6 3. d4 cxd4 4. Nxd4 Nf6 5. Nc3 a6 6. Bc4 e6 7. Bb3 Nbd7 8. f4 Nc5 9. f5 b5 10. Qf3 Bd7 11. a3 Rc8 12. Bg5 Be7 13. O-O-O Qb6 14. fxe6 fxe6 15. Rhf1 O-O 16. Qe2 b4 17. axb4 Qxb4 18. Kb1 Nxb3 19. Nxb3 Rc7 20. e5 dxe5 21. Bxf6 Bxf6 22. Ne4 Bb5 23. Qg4 Qe7 24. Rf3 Be2 25. Rg1 Kh8 26. Qg3 Bxf3 27. gxf3 Rfc8 28. Rg2 Rd8 29. Qe1 Rcd7 30. Ka2 a5 31. Nxa5 Rd1 32. Qc3 Qd7 33. Nxf6 Qa4+ 34. Qa3 Qxa3+ 35. Kxa3 gxf6 36. b4 Rb8 37. c4 Ra1+ 38. Kb3 Rxa5 39. b5 f5 40. Kb4 Ra1 41. Re2 Rb1+ 42. Kc5 Rc1 43. Kb4 Rc8 44. c5 R1xc5 45. b6 Rc4+ 46. Kb5 Rc1 47. b7 Rb1+ 48. Ka6 Rb8 49. Rxe5 R1xb7 50. Rxe6 Rb1 0-1


[Site "https://www.chess.com"]

[Event "Titled Tuesday Blitz February 22 Late 2022"]
[White "Abdyzhapar, Asylbek"]
[Black "Medeiros Jr, Francisco De Assis"]
[WhiteFideId "13800337"]
[BlackFideId "2114267"]
[WhiteElo "2331"]
[BlackElo "1998"]
[Result "1/2-1/2"]
[Round "03"]
[TimeControl "180+1"]
[Date "2022.02.23"]
[WhiteClock "0:00:22"]
[BlackClock "0:00:05"]

1. d4 d5 2. c4 e6 3. Nf3 a6 4. e3 Nf6 5. Nc3 dxc4 6. Bxc4 b5 7. Bd3 Bb7 8. O-O c5 9. dxc5 Bxc5 10. Qe2 Nbd7 11. Rd1 Rc8 12. a3 O-O 13. Bd2 Qe7 14. Be1 Rfd8 15. Rac1 h6 16. Bb1 e5 17. e4 Nf8 18. g3 Ne6 19. Nd5 Nxd5 20. exd5 Rxd5 21. Rxd5 Bxd5 22. Qd3 e4 23. Qxd5 exf3 24. Kf1 Ng5 25. Bd3 Rd8 26. Qb3 Bb6 27. Qc2 g6 28. Kg1 Nh3+ 29. Kf1 Qe6 30. Rd1 Rc8 31. Qd2 Rd8 32. Qc2 Nf4 33. Bf5 Qe2+ 34. Kg1 Qxc2 35. Bxc2 Rxd1 36. Bxd1 Nd3 37. Bc3 Bxf2+ 38. Kf1 Bc5 39. Bxf3 a5 40. Be2 b4 41. axb4 axb4 42. Bf6 Nxb2 43. Bxb2 Kf8 44. Bd3 Ke7 45. g4 Ke6 46. h3 f5 47. gxf5+ gxf5 48. Ke2 Kf7 49. Kf3 Kg6 50. Bc2 Be7 51. Be5 Bf6 52. Bf4 Bg5 53. Bg3 Kf6 54. Bd6 Bd2 55. Bc5 Bc3 56. Bf2 Be5 57. Bb3 Bc3 58. h4 Be5 59. Be3 h5 60. Ba4 Kg6 61. Bg5 Bc3 62. Bb3 Bd4 63. Ke2 Bc3 64. Kd3 Bf6 65. Bxf6 Kxf6 66. Ke3 Kg6 67. Kf3 Kh6 68. Kf4 Kg6 69. Bc4 Kh6 70. Bd3 b3 71. Bxf5 b2 72. Bb1 Kg7 73. Kg5 Kh8 74. Kxh5 Kg7 75. Kg5 Kh8 76. h5 Kg7 77. h6+ Kh8 78. Kf4 Kg8 79. Ke3 Kh8 80. Kd2 Kg8 81. Kc3 Kh8 82. Kxb2 Kg8 83. Kc3 Kh8 84. Kd4 Kg8 85. Ke5 Kh8 86. Kf6 Kg8 87. Kg6 Kh8 88. Bc2 Kg8 89. Bf5 Kh8 90. Bg4 Kg8 91. Bh5 Kh8 92. Kg5 Kg8 93. Bf7+ Kxf7 94. h7 Kg7 95. h8=Q+ Kxh8 1/2-1/2


[Site "https://www.chess.com"]